 Dungeon Crawl Stone Soup version 0.21.1-68-g103a7af (webtiles) character file.

27139 Wendigo the Impaler (level 13, -10/114 HPs)
             Began as a Merfolk Gladiator on Aug 2, 2018.
             Was a Priest of Sif Muna.
             Mangled by a komodo dragon (16 damage)
             ... on level 6 of the Lair of Beasts.
             The game lasted 00:43:37 (20180 turns).

Wendigo the Impaler (Merfolk Gladiator)            Turns: 20180, Time: 00:43:40

Health: -10/114    AC:  5    Str: 14    XL:     13   Next: 30%
Magic:  3/21       EV: 22    Int: 14    God:    Sif Muna [***...]
Gold:   1601       SH:  0    Dex: 16    Spells: 13/22 levels left

rFire    . . .     SeeInvis .   b - +0 trident (venom)
rCold    + . .     Gourm    .   (no shield)
rNeg     . . .     Faith    .   O - +0 leather armour
rPois    .         Spirit   .   c - +1 helmet
rElec    .         Reflect  .   Q - scarf {cloud immunity}
rCorr    .         Harm     .   (no gloves)
MR       +....                  (boots currently unavailable)
Stlth    +++.......             (no amulet)
HPRegen  0.00/turn              G - ring of wizardry
MPRegen  0.17/turn              z - +3 ring of slaying

@: about to teleport, divine energy, very quick
A: change form in water, swift swim, stealthy swim, clever 1, cold resistance 1,
magic resistance 1, inhibited regeneration
a: Stop Divine Energy, Channel Magic, Renounce Religion


You were on level 6 of the Lair of Beasts.
You worshipped Sif Muna.
Sif Muna was most pleased with you.
You were not hungry.

You visited 3 branches of the dungeon, and saw 16 of its levels.
You also visited: Bailey.

You collected 1697 gold pieces.
You spent 96 gold pieces at shops.

Inventory:

Hand Weapons
 a - a +1 trident
 b - a +0 trident of venom (weapon)
 P - a +3 trident
Missiles
 d - 3 throwing nets
 l - 50 tomahawks of returning (quivered)
Armour
 c - a +1 helmet (worn)
 u - +0 shadow dragon scales
 O - a +0 leather armour (worn)
 Q - a scarf of cloud immunity (worn)
 R - a +0 buckler
Jewellery
 o - an uncursed ring of protection from fire
 v - an uncursed ring of protection from fire
 y - a +4 ring of protection
 z - a +3 ring of slaying (right hand)
 G - a ring of wizardry (left hand)
 I - a +2 amulet of reflection
 J - a cursed amulet of inaccuracy {unknown}
 L - an uncursed ring of wizardry
 S - a cursed ring of teleportation {unknown}
Wands
 w - a wand of disintegration (34)
 x - a wand of iceblast (9)
 B - a wand of digging (12)
Scrolls
 i - 13 scrolls of remove curse
 k - 4 scrolls of enchant weapon
 m - 3 scrolls of enchant armour
 p - 2 scrolls of magic mapping
 t - 2 scrolls of vulnerability
 H - 6 scrolls of identify
 K - a scroll of fog
 M - a scroll of amnesia
 N - 2 scrolls of fear
Potions
 e - 2 potions of resistance
 g - 2 potions of brilliance
 j - 2 potions of flight
 q - a potion of agility
 A - 3 potions of mutation
 C - a potion of curing
 D - a potion of cancellation
 F - 3 potions of lignification
Books
 r - a book of Changes

   Spells                             Type                      Level
   a - Beastly Appendage              Transmutation                1
   b - Sticks to Snakes               Transmutation                2
   c - Spider Form                    Transmutation/Poison         3
   d - Ice Form                       Ice/Transmutation            4
   e - Blade Hands                    Transmutation                5
 s - a book of Frost

   Spells                             Type                      Level
   a - Freeze                         Ice                          1
   b - Throw Frost                    Conjuration/Ice              2
   c - Ozocubu's Armour               Charms/Ice                   3
   d - Throw Icicle                   Conjuration/Ice              4
   e - Summon Ice Beast               Ice/Summoning                4
 E - a book of Necromancy

   Spells                             Type                      Level
   a - Pain                           Necromancy                   1
   b - Animate Skeleton               Necromancy                   1
   c - Vampiric Draining              Necromancy                   3
   d - Regeneration                   Charms/Necromancy            3
   e - Animate Dead                   Necromancy                   4
   f - Borgnjor's Vile Clutch         Necromancy/Earth             5
Miscellaneous
 n - a sack of spiders
Comestibles
 f - 24 rations


   Skills:
 + Level 14.4 Fighting
 - Level 18.0 Polearms
 - Level 2.0 Throwing
 - Level 9.1 Dodging
 - Level 4.0 Stealth
 + Level 5.3 Spellcasting
 + Level 4.3 Summonings
 - Level 0.3 Necromancy
 + Level 4.7 Ice Magic
 - Level 0.2 Earth Magic
 + Level 4.1 Invocations


You had 13 spell levels left.
You knew the following spells:

 Your Spells              Type           Power        Failure   Level  Hunger
a - Borgnjor's Vile Clut  Necr/Erth      #.........   88%         5    ######.
b - Summon Ice Beast      Ice/Summ       ###.....     13%         4    ####...


Dungeon Overview and Level Annotations

Branches:
Dungeon (9/15)             Temple (1/1) D:7            Lair (6/6) D:8
 Shoals (0/4) Lair:3        Snake (0/4) Lair:2        Slime (0/5) Lair:5
    Orc: D:9-12

Altars:
Ashenzari
Dithmenos
Elyvilon
Fedhas
Gozag
Hepliaklqana
Makhleb
Sif Muna
The Shining One
Jiyva

Shops:
D:7 !

Annotations:
D:2 exclusion: downstairs
D:3 exclusion: ice beast, Alter's ghost, amateur GrGl
D:5 exclusion: downstairs
D:7 exclusion: downstairs


Innate Abilities, Weirdness & Mutations

You revert to your normal form in water.
You are very nimble and swift while swimming.
You are very stealthy in the water. (Stealth+)
Your mind is acute. (Int +2)
Your flesh is cold resistant. (rC+)
You are resistant to hostile enchantments. (MR+)
You do not regenerate when monsters are visible.


Message History

You are lethally poisoned!
You feel yourself slow down.
A komodo dragon comes into view.
The komodo dragon hisses angrily.
A water moccasin comes into view.
Unknown command.
As you read the scroll of teleportation, it crumbles to dust.
You feel strangely unstable.
* * * LOW HITPOINT WARNING * * *
You feel sick. The water moccasin bites you.
* * * LOW HITPOINT WARNING * * *
The hornet completely misses you. The water moccasin barely misses you.
The hornet stings you but does no damage.
You feel better.
You feel yourself speed up. The water moccasin misses you.
The hornet closely misses you.
The water moccasin completely misses you.
The hornet stings you but does no damage.
The komodo dragon bites you!
You die...

....P. .... ##
.P.##. P
...≈.. ≈P .≈.≈
≈. # ##≈≈. ≈##
#.#.≈≈##≈≈.#≈
##.≈P≈lS≈≈≈≈≈≈
#.≈≈≈≈@#
#P≈..≈y#
....#.≈P#
..P.≈≈≈≈# .
≈≈≈≈≈≈#
#≈≈##≈≈# ....
#≈≈# ... ≈≈≈#


You could see a komodo dragon, a hornet and a water moccasin.

Vanquished Creatures
  Kirke (Lair:5)
  2 hydras
  2 two-headed ogres
  The ghost of meralisa the Sneak, a novice NaTm of Cheibriados (D:6)
  A manticore (Lair:6)
  A merfolk siren (Lair:3)
  4 black mambas (Lair:4)
  2 rime drakes
  8 spiny frogs
  5 komodo dragons
  11 blink frogs
  A polar bear (Lair:6)
  8 hippogriffs
  3 wyverns
  2 basilisks
  10 yaks
  2 nagas (Lair:2)
  7 water moccasins
  5 porcupines
  An ice beast (D:6)
  7 orc warriors
  A black bear (D:8)
  4 ogres
  2 phantoms (D:5)
  5 wolves (Lair:4)
  16 crocodiles
  12 bullfrogs
  3 scorpions
  5 killer bees
  2 howler monkeys (D:9)
  2 electric eels
  4 crimson imps
  A bullfrog zombie (D:9)
  4 hounds
  A jelly (D:7)
  A quasit (D:5)
  10 orc priests
  6 orc wizards
  A centaur skeleton (D:4)
  2 worker ants
  An iguana (D:8)
  A killer bee zombie (D:5)
  A hound skeleton (D:8)
  A howler monkey zombie (D:5)
  7 adders
  7 gnolls (D:6)
  A shadow imp (D:7)
  2 oozes
  An adder skeleton (D:7)
  An adder zombie (D:9)
  9 worms
  A dart slug (D:1)
  3 leopard geckos
  28 orcs
  3 bats
  5 giant cockroaches
  12 goblins
  7 hobgoblins
  11 jackals
  2 quokkas
  A ball python (D:3)
  A frilled lizard (D:3)
  23 kobolds
  6 rats
301 creatures vanquished.

Vanquished Creatures (collateral kills)
  A hydra (Lair:4)
  A black mamba (Lair:6)
  A komodo dragon (Lair:5)
  2 blink frogs (Lair:5)
  A hippogriff (Lair:6)
  2 basilisks (Lair:6)
  A porcupine (Lair:5)
  An electric eel (Lair:5)
  A plant (Lair:6)
11 creatures vanquished.

Vanquished Creatures (others)
  7 humans (Lair:5)
  A porcupine (Lair:5)
  A water moccasin (Lair:5)
  An orc (D:6)
  27 fungi
  67 plants
104 creatures vanquished.

Grand Total: 416 creatures vanquished

Notes
Turn   | Place    | Note
-------+----------+-------------------------------------------
     0 | D:1      | Wendigo the Merfolk Gladiator began the quest for the Orb.
     0 | D:1      | Reached XP level 1. HP: 16/16 MP: 1/1
    49 | D:1      | Reached XP level 2. HP: 17/23 MP: 2/2
   174 | D:1      | Reached skill level 5 in Polearms
   464 | D:1      | Reached XP level 3. HP: 29/29 MP: 3/3
   690 | D:2      | Found a deep blue altar of Sif Muna.
   693 | D:2      | Became a worshipper of Sif Muna the Loreminder
  1210 | D:2      | Reached XP level 4. HP: 30/37 MP: 4/4
  1222 | D:2      | Found a blossoming altar of Fedhas.
  1296 | D:2      | Reached skill level 6 in Polearms
  1773 | D:3      | Noticed Alter's ghost (amateur GrGl)
  2009 | D:3      | Found a shattered altar of Ashenzari.
  2229 | D:3      | Reached XP level 5. HP: 13/42 MP: 5/5
  2604 | D:3      | Noticed an ice beast
  3355 | D:4      | Reached skill level 7 in Polearms
  3487 | D:4      | Reached XP level 6. HP: 50/50 MP: 6/6
  3489 | D:4      | Reached skill level 5 in Fighting
  3804 | D:4      | Reached skill level 8 in Polearms
  3804 | D:4      | Reached skill level 1 in Stealth
  3804 | D:4      | Reached XP level 7. HP: 41/57 MP: 7/7
  4072 | D:5      | Entered Level 5 of the Dungeon
  4516 | D:5      | Reached skill level 9 in Polearms
  4813 | D:5      | Reached XP level 8. HP: 55/65 MP: 8/8
  5279 | D:6      | Reached skill level 10 in Polearms
  5535 | D:6      | Reached * piety under Sif Muna
  5546 | D:6      | Noticed meralisa's ghost (novice NaTm)
  5900 | D:6      | Killed meralisa's ghost
  5900 | D:6      | Reached skill level 11 in Polearms
  5900 | D:6      | Reached XP level 9. HP: 45/75 MP: 9/9
  6240 | D:6      | Found a hazy altar of Hepliaklqana.
  6305 | D:7      | Noticed a two-headed ogre
  6403 | D:6      | Killed a two-headed ogre
  6403 | D:6      | Reached skill level 12 in Polearms
  6583 | D:7      | Found a staircase to the Ecumenical Temple.
  6640 | D:7      | Gained mutation: Your mind is acute. (Int +2) [potion of mutation]
  6640 | D:7      | Gained mutation: You are resistant to hostile enchantments. (MR+) [potion of mutation]
  6640 | D:7      | Gained mutation: You do not regenerate when monsters are visible. [potion of mutation]
  6640 | D:7      | Gained mutation: Your flesh is cold resistant. (rC+) [potion of mutation]
  6818 | D:7      | Reached skill level 10 in Fighting
  6911 | D:7      | Reached skill level 13 in Polearms
  6914 | D:7      | Found Vajiden's Distillery.
  6927 | D:7      | Bought a potion of curing for 36 gold pieces
  6927 | D:7      | Bought a potion of agility for 48 gold pieces
  6927 | D:7      | Bought a potion of degeneration for 12 gold pieces
  7290 | D:8      | Reached skill level 15 in Polearms
  7290 | D:8      | Reached XP level 10. HP: 89/89 MP: 10/10
  7351 | D:8      | Found a flagged portal.
  7371 | Bailey   | Entered a bailey
  7812 | D:8      | Noticed a two-headed ogre
  7853 | D:8      | Killed a two-headed ogre
  7853 | D:8      | Reached XP level 11. HP: 95/95 MP: 11/11
  7921 | D:8      | Found a staircase to the Lair.
  8175 | Temple   | Entered the Ecumenical Temple
  8631 | D:8      | Learned a level 5 spell: Borgnjor's Vile Clutch
  9030 | D:9      | Reached skill level 1 in Spellcasting
  9204 | D:9      | Found a shadowy altar of Dithmenos.
  9237 | D:9      | Found a white marble altar of Elyvilon.
  9320 | Lair:1   | Entered Level 1 of the Lair of Beasts
  9357 | Lair:1   | Reached ** piety under Sif Muna
  9357 | Lair:1   | Reached skill level 16 in Polearms
 10599 | Lair:2   | Found a staircase to the Snake Pit.
 12126 | Lair:3   | Reached XP level 12. HP: 102/105 MP: 18/18
 12135 | Lair:3   | Found a staircase to the Shoals.
 12828 | Lair:4   | Reached skill level 17 in Polearms
 13424 | Lair:4   | Reached skill level 5 in Spellcasting
 13771 | Lair:4   | Noticed a four-headed hydra
 13873 | Lair:3   | Killed a four-headed hydra
 14120 | Lair:4   | Learned a level 4 spell: Summon Ice Beast
 14511 | Lair:4   | Reached skill level 1 in Ice Magic
 14758 | Lair:4   | Reached skill level 1 in Summonings
 15244 | Lair:4   | Noticed a death yak
 15479 | Lair:4   | Reached *** piety under Sif Muna
 15535 | Lair:4   | Noticed a death yak
 16098 | Lair:4   | Reached skill level 1 in Invocations
 16514 | Lair:5   | Noticed a six-headed hydra
 17183 | Lair:5   | Noticed a seven-headed hydra
 17209 | Lair:4   | Killed a seven-headed hydra
 17285 | Lair:4   | Killed a six-headed hydra
 17725 | Lair:5   | Noticed Kirke
 17780 | Lair:5   | Killed Kirke
 17780 | Lair:5   | Reached XP level 13. HP: 61/113 MP: 10/20
 18285 | Lair:5   | Reached skill level 18 in Polearms
 19063 | Lair:5   | Found a viscous altar of Jiyva.
 19064 | Lair:5   | Found a staircase to the Slime Pits.
 19821 | Lair:6   | Entered Level 6 of the Lair of Beasts
 20179 | Lair:6   | HP: 1/114 [water moccasin (5)]
 20180 | Lair:6   | Mangled by a komodo dragon

Skill      XL: |  1  2  3  4  5  6  7  8  9 10 11 12 13 |
---------------+----------------------------------------+-----
Polearms       | 5 6 7 8 9 11 15 16 17 18 | 18.0
Fighting       | 3 4 5 6 8 11 12 13 14 | 14.4
Stealth        | 1 3 4 |  4.0
Dodging        | 9 |  9.1
Spellcasting   | 4 5 |  5.3
Ice Magic      | 3 4 |  4.7
Summonings     | 3 4 |  4.3
Invocations    | 3 4 |  4.1
Throwing       | |  2.0
Necromancy     | |  0.3
Earth Magic    | |  0.2

Action                   |  1- 3 |  4- 6 |  7- 9 | 10-12 | 13-15 || total
-------------------------+-------+-------+-------+-------+-------++-------
Melee: Trident           |   108 |   203 |   300 |   729 |   149 ||  1489
       Tailslap          |       |       |       |     9 |     1 ||    10
Throw: Tomahawk          |       |       |       |     4 |     1 ||     5
 Cast: Summon Ice Beast  |       |       |       |     8 |    24 ||    32
Invok: Divine Energy     |       |       |       |       |     1 ||     1
  Use: Scroll            |     4 |       |    16 |     5 |     2 ||    27
       Potion            |       |       |     2 |     8 |     3 ||    13
 Stab: Sleeping          |     3 |     5 |     8 |    16 |       ||    32
       Distracted        |       |       |     1 |     3 |     3 ||     7
  Eat: Chunk             |       |     6 |    10 |    25 |    10 ||    51
       Ration            |       |     1 |       |     3 |     1 ||     5
Armor: Leather armour    |    17 |     5 |       |    10 |    10 ||    42
       Shadow dragon sca |       |    55 |    95 |   184 |       ||   334
       Skin              |       |       |       |    15 |       ||    15
Dodge: Dodged            |    60 |    49 |    57 |   290 |    80 ||   536
